Map: Ruby Rock LE

Players

Mythshaker - Winner!

  • Race: Protoss Protoss
  • Spawn Location: 11:00

Aquiem

  • Race: Terran Terran
  • League: Silver
  • Spawn Location: 5:00

VOD

Have the link to the VOD?

Description

Time

  • Played on: Nov. 23, 2025, 6:42 p.m.
  • Length: 39:47
Show
View Real Time Build Order
Export as new Build Order

Mythshaker Protoss - Winner!

Build Orders:  

Get SALT Encoding   

  12  0:03  Probe  
  13  0:15  Probe  
  13  0:19  Pylon  
  14  0:27  Probe  
  15  0:36  Probe  
  15  0:39  Forge  
  16  0:44  Probe  
  17  0:55  Pylon  
  17  1:02  Probe  
  18  1:11  Gateway  
  18  1:14  Probe  
  19  1:21  Photon Cannon  
  19  1:25  Probe  
  20  1:33  Probe  
  21  1:41  Probe, Assimilator  
  22  1:49  Assimilator  
  22  1:53  Probe  
  23  2:06  Nexus  
  23  2:09  Probe  
  24  2:22  Cybernetics Core  
  24  2:28  Pylon  
  24  2:32  Probe  
  25  2:44  Probe  
  26  2:56  Probe  
  27  3:10  Probe  
  28  3:18  Pylon  
  28  3:20  Probe  
  28  3:21  Photon Cannon  
  29  3:28  Probe  
  29  3:33  Assimilator  
  30  3:38  Probe  
  28  3:50  Probe  
  29  3:57  Stalker  
  29  4:02  Photon Cannon, Probe  
  32  4:11  Robotics Facility  
  32  4:16  Stalker  
  32  4:19  Shield Battery  
  32  4:20  Shield Battery  
  32  4:48  Stalker  
  34  5:04  Probe  
  35  5:16  Probe  
  36  5:29  Probe  
  37  5:36  Protoss Shields Level 1  
  37  5:40  Assimilator  
  37  5:41  Probe  
  38  5:49  Stalker  
  38  5:53  Probe  
  38  5:57  Immortal  
  45  6:05  Probe  
  45  6:06  Robotics Bay  
  46  6:13  Probe  
  47  6:21  Probe  
  47  6:22  Probe  
  49  6:26  Warp Gate  
  49  6:30  Stalker, Robotics Facility  
  49  6:34  Probe x2  
  53  6:42  Pylon  
  53  6:46  Gateway  
  53  6:47  Probe  
  54  6:59  Probe  
  55  7:10  Probe  
  56  7:18  Probe  
  57  7:27  Immortal  
  57  7:28  Probe  
  61  7:33  Colossus  
  61  7:34  Protoss Ground Armor Level 1  
  68  7:42  Extended Thermal Lance  
  66  8:21  Colossus  
  68  8:42  Stalker  
  70  8:52  Pylon  
  70  8:55  Pylon  
  70  8:59  Pylon  
  64  9:25  Protoss Ground Weapons Level 1  
  64  9:29  Colossus x2  
  76  9:54  Nexus  
  57  10:55  Pylon  
  57  10:56  Colossus x2  
  69  11:00  Stalker, Pylon  
  69  11:01  Stalker  
  73  11:23  Twilight Council  
  61  11:33  Probe  
  62  11:41  Probe  
  62  11:44  Colossus x2  
  63  11:50  Probe  
  63  11:51  Stalker x2  
  80  11:56  Protoss Shields Level 2  
  80  12:03  Probe  
  81  12:10  Gravitic Boosters  
  81  12:15  Probe  
  82  12:18  Forge  
  82  12:27  Probe  
  77  12:39  Probe  
  76  12:51  Probe  
  67  13:06  Colossus  
  67  13:07  Colossus  
  67  13:11  Stalker  
  67  13:12  Stalker  
  83  13:17  Probe  
  83  13:25  Probe  
  85  13:34  Probe  
  85  13:38  Gateway  
  86  13:43  Gateway  
  86  13:46  Probe  
  81  13:49  Gateway  
  69  13:58  Probe  
  69  14:00  Colossus x2  
  69  14:02  Zealot  
  84  14:03  Zealot  
  86  14:16  Probe, Protoss Ground Armor Level 2  
  83  14:24  Probe  
  80  14:34  Probe  
  75  14:53  Colossus  
  75  14:54  Colossus  
  75  14:58  Pylon  
  87  15:01  Pylon  
  87  15:04  Pylon  
  87  15:13  Pylon  
  87  15:19  Pylon  
  87  15:27  Photon Cannon  
  87  15:29  Photon Cannon x2  
  87  15:30  Photon Cannon  
  87  15:31  Photon Cannon  
  87  15:32  Shield Battery  
  87  15:34  Shield Battery  
  87  15:38  Shield Battery  
  87  15:41  Forge  
  87  15:48  Twilight Council  
  87  15:56  Colossus x2  
  99  16:09  Assimilator  
  99  16:15  Assimilator  
  99  16:20  Photon Cannon  
  99  16:21  Photon Cannon  
  99  16:25  Photon Cannon  
  93  16:26  Shield Battery  
  93  16:32  Shield Battery, Photon Cannon  
  93  16:33  Shield Battery  
  93  16:50  Colossus x2  
  89  17:35  Pylon  
  89  17:37  Pylon  
  89  17:39  Photon Cannon  
  89  17:43  Colossus x2, Pylon  
  95  17:45  Pylon  
  95  17:46  Photon Cannon  
  101  18:00  Photon Cannon  
  101  18:02  Photon Cannon  
  101  18:08  Photon Cannon  
  101  18:12  Shield Battery  
  101  18:16  Shield Battery  
  101  18:19  Shield Battery  
  101  18:21  Shield Battery  
  101  18:23  Photon Cannon  
  101  18:25  Shield Battery  
  101  18:28  Nexus  
  101  18:31  Assimilator  
  101  18:32  Photon Cannon  
  101  18:33  Assimilator  
  101  18:37  Colossus x2  
  113  18:41  Stargate  
  113  18:43  Stargate  
  113  19:07  Probe  
  113  19:15  Probe  
  97  19:24  Probe  
  97  19:30  Colossus  
  98  19:36  Probe  
  99  19:43  Protoss Shields Level 3  
  93  19:48  Probe  
  93  19:52  Protoss Air Weapons Level 1, Phoenix x2  
  98  19:58  Protoss Ground Weapons Level 2  
  98  20:54  Assimilator  
  98  21:46  Phoenix x2  
  102  22:01  Protoss Air Armor Level 1  
  98  22:22  Protoss Ground Armor Level 3  
  66  22:35  Protoss Ground Weapons Level 3  
  58  22:40  Stalker  
  58  22:41  Stalker  
  58  22:42  Stalker  
  58  22:43  Stalker x2  
  76  22:55  Void Ray x2  
  76  23:01  Colossus  
  76  23:02  Colossus  
  88  23:26  Charge, Sentry  
  90  23:27  Sentry  
  90  23:30  Zealot  
  90  23:31  Zealot  
  90  23:32  Zealot  
  106  23:38  Void Ray x2  
  106  23:54  Colossus  
  106  24:11  Nexus  
  80  24:39  Colossus  
  80  24:40  Void Ray x2  
  86  24:48  Colossus  
  92  24:54  Pylon  
  92  24:57  Pylon  
  92  24:59  Pylon  
  93  25:23  Void Ray x2  
  83  25:35  Colossus  
  83  25:41  Colossus  
  87  26:06  Void Ray x2  
  86  26:14  Probe  
  86  26:23  Assimilator  
  85  26:26  Probe  
  86  26:38  Probe  
  81  26:50  Probe  
  70  27:02  Probe  
  71  27:46  Pylon  
  71  27:48  Photon Cannon  
  71  27:51  Pylon  
  70  28:30  Fleet Beacon  
  74  29:08  Void Ray  
  74  29:09  Stalker x2  
  78  29:10  Stalker  
  78  29:12  Stalker  
  67  29:42  Zealot x2  
  67  29:43  Zealot  
  67  29:44  Zealot x2  
  69  29:55  Colossus x2  
  77  30:12  Stalker x2  
  77  30:13  Stalker  
  77  30:14  Stalker x2  
  72  30:41  Pylon  
  72  30:43  Pylon  
  72  30:44  Pylon  
  72  30:45  Pylon  
  72  30:46  Zealot  
  72  30:47  Zealot  
  72  30:48  Colossus, Zealot x2  
  72  30:49  Colossus  
  92  30:50  Zealot  
  80  31:42  Colossus  
  86  32:41  Assimilator  
  86  32:46  Pylon  
  86  32:47  Assimilator  
  86  32:49  Colossus, Pylon  
  86  32:50  Colossus, Pylon  
  98  32:52  Pylon  
  98  32:53  Pylon  
  98  33:05  Assimilator  
  98  33:07  Probe, Assimilator  
  99  33:15  Probe  
  100  33:22  Photon Cannon  
  100  33:23  Photon Cannon  
  100  33:26  Photon Cannon  
  100  33:28  Photon Cannon  
  100  33:35  Nexus  
  100  33:43  Colossus x2  
  112  33:56  Pylon  
  112  34:09  Void Ray  
  112  34:16  Zealot x2  
  112  34:17  Zealot x2  
  112  34:19  Zealot  
  116  34:42  Shield Battery  
  116  34:52  Void Ray  
  120  35:24  Probe  
  121  35:32  Probe  
  125  35:35  Void Ray  
  125  35:42  Probe  
  127  35:54  Probe  
  128  36:06  Probe  
  129  36:18  Probe  
  138  36:30  Probe, Void Ray x2  
  139  36:36  Colossus  
  139  36:37  Colossus  
  155  37:13  Void Ray  
  155  37:30  Colossus x2  
  171  37:40  Void Ray  
  175  37:56  Void Ray  
Show
View Real Time Build Order
Export as new Build Order

Aquiem Terran 

Build Orders:  

Get SALT Encoding   

  12  0:04  SCV  
  13  0:17  SCV  
  14  0:23  Supply Depot  
  14  0:29  SCV  
  15  0:44  SCV  
  15  0:46  Barracks  
  16  0:50  Refinery  
  16  0:57  SCV  
  17  1:09  SCV  
  18  1:21  SCV  
  19  1:33  SCV  
  19  1:37  Command Center  
  20  1:41  Supply Depot  
  20  1:52  Orbital Command  
  20  2:00  Marine  
  21  2:18  Marine  
  22  2:30  SCV  
  22  2:34  Factory  
  22  2:36  Reaper  
  24  2:42  SCV  
  25  2:53  Orbital Command  
  25  2:54  SCV  
  26  3:06  SCV  
  26  3:08  Marine  
  27  3:18  SCV  
  28  3:24  SCV  
  28  3:26  Marine  
  30  3:30  SCV  
  31  3:36  SCV  
  32  3:43  SCV  
  32  3:44  Reaper  
  35  3:48  SCV  
  34  3:56  SCV  
  34  4:00  Refinery  
  35  4:10  SCV  
  35  4:11  SCV  
  35  4:15  Marine  
  38  4:18  Starport  
  38  4:22  SCV  
  38  4:23  Refinery  
  39  4:26  Refinery  
  39  4:38  SCV  
  39  4:50  SCV  
  39  4:51  SCV  
  41  4:55  Factory Tech Lab  
  41  5:01  Barracks Reactor  
  41  5:02  Barracks x2, SCV  
  41  5:03  SCV  
  41  5:06  Barracks  
  43  5:09  Barracks  
  43  5:14  SCV  
  44  5:25  SCV  
  41  5:50  Barracks Reactor, SCV  
  41  5:56  Barracks Reactor x2  
  42  5:57  Barracks Tech Lab  
  42  6:01  SCV  
  43  6:06  Starport Reactor  
  43  6:07  SCV  
  44  6:11  Supply Depot  
  44  6:12  Supply Depot  
  44  6:13  Supply Depot x2  
  44  6:16  Engineering Bay  
  44  6:17  Engineering Bay  
  44  6:26  SCV  
  45  6:33  Siege Tank  
  45  6:34  Marine x3  
  45  6:35  Marine x4  
  45  6:37  Stimpack  
  45  6:38  SCV  
  56  6:49  Marine x2  
  56  6:50  SCV  
  56  6:52  Marine x4  
  56  6:53  Marine x3  
  66  7:07  Marine  
  66  7:08  SCV  
  68  7:12  SCV  
  69  7:20  SCV  
  70  7:31  SCV  
  70  7:33  Command Center  
  70  7:35  Supply Depot x3  
  71  7:37  Supply Depot  
  71  7:41  SCV  
  72  7:47  SCV  
  72  7:53  Marine x3  
  72  7:54  Marine x3  
  72  7:56  Marine x3  
  81  8:04  Terran Infantry Weapons Level 1, Armory, Terran Infantry Armor Level 1  
  81  8:11  Marine  
  79  8:16  SCV  
  67  8:30  SCV  
  67  8:32  Marine x4  
  67  8:33  Marine  
  70  8:35  SCV  
  71  8:42  Supply Depot, SCV  
  71  8:43  Supply Depot  
  71  8:44  Supply Depot  
  71  8:45  Supply Depot  
  71  8:46  Supply Depot  
  71  8:47  Supply Depot  
  72  8:49  SCV  
  73  8:56  Planetary Fortress  
  68  9:15  SCV  
  68  9:16  Marine x2  
  68  9:17  Marine x7  
  64  9:21  Refinery  
  64  9:23  Refinery  
  67  9:24  Barracks x2, SCV  
  67  9:25  Barracks  
  68  9:34  Marine x3  
  68  9:35  Marine x6  
  68  9:36  SCV  
  70  9:45  SCV  
  70  9:52  Marine x2  
  71  10:07  Terran Infantry Armor Level 2, Terran Infantry Weapons Level 2  
  71  10:09  SCV  
  71  10:11  SCV  
  67  10:20  SCV  
  65  10:22  SCV  
  65  10:26  SCV  
  67  10:31  Refinery  
  67  10:35  Marine  
  67  10:36  Marine x3  
  67  10:42  SCV  
  72  10:52  Marine x2  
  72  10:53  Marine x3  
  72  10:54  Marine x3  
  72  10:55  SCV  
  72  10:56  Medivac x2  
  85  10:58  Siege Tank  
  85  11:03  Command Center  
  88  11:08  SCV  
  91  11:11  Marauder  
  91  11:26  Medivac x2  
  91  11:30  Siege Tank, SCV  
  91  11:32  SCV  
  102  11:33  Marauder  
  102  11:37  Refinery  
  102  11:41  Refinery  
  102  11:42  Bunker  
  104  11:54  Marauder, SCV  
  104  11:56  Medivac x2  
  104  12:00  Combat Shield  
  109  12:01  SCV  
  109  12:02  Siege Tank  
  109  12:05  SCV  
  114  12:10  SCV  
  115  12:21  SCV  
  116  12:36  Marine  
  116  12:37  Marine x7  
  112  12:38  Marauder  
  119  12:50  SCV  
  111  12:55  Supply Depot x2  
  111  12:56  Supply Depot, Marine  
  111  12:57  Marine x3  
  114  12:58  Supply Depot  
  114  12:59  Marauder  
  116  13:09  SCV  
  117  13:21  Marauder  
  117  13:23  SCV  
  120  13:28  SCV  
  120  13:34  Orbital Command  
  121  13:42  Marauder  
  121  13:46  Command Center  
  116  14:00  SCV  
  117  14:03  SCV  
  117  14:04  Marauder  
  117  14:06  Supply Depot  
  117  14:09  Supply Depot x2  
  120  14:10  Supply Depot x2, SCV  
  120  14:14  Supply Depot x2  
  120  14:15  Supply Depot  
  107  15:00  SCV  
  107  15:01  Marine x4  
  107  15:02  Marine x5  
  107  15:04  Siege Tank, Medivac x2  
  107  15:05  SCV  
  107  15:07  SCV  
  121  15:15  SCV  
  121  15:19  Marine x6  
  121  15:20  Marauder, Marine  
  131  15:23  SCV  
  132  15:30  Refinery  
  132  15:32  Refinery  
  132  15:34  Medivac x2  
  136  15:36  Siege Tank  
  136  15:37  SCV  
  136  15:42  Marauder  
  142  15:48  SCV  
  143  16:01  Marine x2  
  143  16:02  Marine x6  
  143  16:03  Marauder  
  143  16:04  SCV  
  145  16:19  Marine x4  
  145  16:20  Marine x3  
  145  16:25  Marauder  
  149  16:41  SCV  
  149  16:42  Marine x2  
  149  16:43  Marine x6  
  149  16:46  Marauder  
  147  17:00  Marine x3  
  147  17:07  Marauder  
  132  17:29  Marauder  
  134  17:48  Marine x7  
  134  17:49  Marine  
  134  17:50  Marauder  
  144  17:56  SCV  
  145  18:05  Marine  
  145  18:06  Marine x6  
  145  18:07  Command Center  
  145  18:11  Marauder  
  154  18:33  Marauder  
  153  18:43  SCV  
  154  18:52  Refinery x2  
  154  18:59  SCV  
  135  19:30  SCV  
  130  19:35  SCV  
  123  19:39  Orbital Command  
  115  19:47  SCV  
  116  19:58  Marine x5  
  116  19:59  Marine x4  
  125  20:07  SCV  
  126  20:16  Marine x6  
  126  20:17  Marauder, Marine x2  
  136  20:21  SCV  
  136  20:22  Siege Tank  
  136  20:24  Command Center  
  140  20:33  SCV, Marine  
  140  20:34  Marine x7  
  149  20:39  Marauder  
  151  20:45  SCV  
  151  20:48  Refinery  
  152  20:51  Refinery, Marine x2  
  152  20:52  Marine x6  
  152  20:54  Siege Tank  
  152  20:55  SCV  
  164  21:00  Marauder  
  166  21:09  Marine  
  167  21:19  SCV  
  167  21:21  Marauder  
  167  21:22  Refinery  
  170  21:30  Refinery  
  160  21:43  Marauder, Orbital Command  
  160  21:45  SCV  
  160  21:46  Marine x4  
  167  21:47  Marine x4  
  167  21:53  Barracks  
  171  21:55  Barracks x2  
  171  22:00  SCV x5  
  171  22:01  SCV  
  177  22:04  Marauder, Marine x3  
  182  22:12  SCV  
  161  22:26  Marauder  
  161  22:27  Marine x2  
  161  22:28  Marine x6  
  163  22:33  Siege Tank  
  164  22:45  Missile Turret, Marine x3  
  164  22:46  Marine x2  
  164  22:47  Marauder  
  164  22:48  SCV  
  164  22:49  Marine x2  
  164  22:50  Marine  
  175  23:03  Marine x4  
  175  23:04  Marine  
  175  23:05  Siege Tank  
  183  23:06  Missile Turret  
  183  23:07  SCV, Marine x2  
  183  23:08  Marauder, Marine  
  183  23:10  Orbital Command  
  189  23:21  Marine x5  
  189  23:25  SCV, Marine x2  
  189  23:26  Liberator  
  200  23:39  Command Center  
  200  23:49  Barracks Tech Lab  
  200  23:50  Barracks Tech Lab x2  
  185  24:43  Marauder x2  
  185  24:44  Marauder x2, Marine  
  185  24:45  Marine x6  
  188  25:53  Command Center  
  184  26:00  SCV  
  185  26:21  SCV  
  183  26:44  SCV  
  180  26:47  SCV  
  180  27:01  SCV  
  181  27:06  SCV  
  141  28:07  SCV  
  141  28:09  Marine  
  141  28:10  Marine x7  
  141  28:11  Marine x4  
  146  28:27  Marine x2  
  146  28:28  Marine x7  
  146  28:29  Marauder  
  155  28:39  SCV  
  148  28:43  Marine x2  
  148  28:45  Marine x4  
  148  28:46  Siege Tank, Medivac x2, Marine x5  
  148  28:47  SCV  
  165  28:50  Marine  
  157  29:01  Marine x2  
  152  29:03  Marine x2  
  152  29:04  Marine x2  
  152  29:05  Marauder, Marine x4  
  152  29:08  Marine  
  163  29:12  Refinery  
  163  29:16  Medivac x2  
  167  29:18  Siege Tank  
  167  29:19  Marine x2  
  167  29:21  Marine x2  
  167  29:22  Marine x3  
  167  29:23  Marine x3  
  177  29:25  Marine  
  177  29:26  Marauder  
  180  29:36  Marine  
  180  29:37  Marine  
  179  29:44  Marauder  
  179  29:46  Medivac  
  179  29:50  Siege Tank  
  180  30:05  SCV  
  173  30:20  Sensor Tower  
  173  30:21  Sensor Tower x2  
  172  30:22  Sensor Tower x3  
  172  30:24  Sensor Tower  
  172  30:25  Sensor Tower x4  
  172  30:26  Sensor Tower x2  
  171  30:29  Missile Turret x2  
  171  30:30  Missile Turret  
  171  30:41  SCV  
Tags
 
League
Silver
Matchup
PvT
Spawn Locations
Cross Positions
Add a new tag
Caveats
  • Supply blocks, unpowered buildings, or Contaminate may cause inaccurate times.
  • Supply counts are checked every 10 seconds.